AoeStats
← Fireworks

Black Forest

507932922Analyzed
4v4 RM · 13d ago on Sep 20, 2026· 47m 51s· 8 players
Game mode
Random Map
Map size
Large (8 player)
Population
200
Speed
Normal
Resources
Standard
Victory
Conquest
Starting age
Dark Age
Ending age
Imperial Age
RankedLock teamsTeams togetherTeam positionsShared explorationLock speedFull tech treeHidden civsTurbo modeCheats
Victory
Defeat
🇩🇪 Japanese · Germany
1472
+15
🇻🇳 Lithuanians · Vietnam
1392
+18
🇹🇼 Bohemians · Taiwan
1389
+18
🇨🇱 Inca · Chile
1372
+19
🇨🇳 Sicilians · China
1515
-22
🇨🇳 Spanish · China
1460
-18
🇨🇳 Celts · China
1390
-15
🇨🇳 Slavs · China
1380
-15
Geodude
0:47 Loom
11:31 Feudal Age
12:18 Double-Bit Axe
19:32 Castle Age
17:49 Fletching
18:24 Horse Collar
21:54 Bodkin Arrow
23:31 Fervor
25:40 Bow Saw
31:31 Imperial Age
29:33 Squires
29:36 Scale Mail Armor
30:49 Chemistry
29:51 Town Watch
31:10 Wheelbarrow
30:30 Pikeman
31:46 Ballistics
31:48 Chain Mail Armor
33:02 Bracer
33:37 Plate Mail Armor
33:56 Squires
34:30 Halberdier
36:32 Forging
37:29 Conscription
37:40 Block Printing
37:46 Sanctity
37:31 Houfnice
39:15 Siege Engineers
39:50 Wagenburg Tactics
41:14 Iron Casting
40:21 Treadmill Crane
40:52 Masonry
41:22 Theocracy
41:13 Illumination
41:25 Hand Cart
42:46 Caravan
43:18 Coinage
44:23 Blast Furnace
45:44 Two-Man Saw
44:45 Heavy Plow
44:46 Padded Archer Armor
46:26 Redemption
45:51 Man-at-Arms
48:11 Architecture
47:38 Murder Holes
48:00 Leather Archer Armor
VNS__Pan
11:00 Feudal Age
14:28 Castle Age
12:20 Double-Bit Axe
12:23 Horse Collar
15:53 Bow Saw
19:20 Wheelbarrow
19:48 Gold Mining
22:17 Heavy Plow
27:20 Imperial Age
24:37 Loom
25:15 Hand Cart
24:58 Town Watch
25:56 Scale Barding Armor
26:03 Forging
26:05 Stone Mining
26:42 Caravan
27:14 Coinage
27:09 Husbandry
27:22 Bloodlines
27:47 Chain Barding Armor
28:18 Iron Casting
27:27 Cavalier
29:11 Plate Barding Armor
30:12 Conscription
29:35 Paladin
34:05 Two-Man Saw
33:17 Guilds
39:36 Banking
43:02 Fletching
43:34 Ballistics
44:15 Chemistry
43:26 Masonry
43:12 Murder Holes
b4ron1
11:06 Feudal Age
14:55 Castle Age
13:21 Double-Bit Axe
13:19 Horse Collar
15:57 Bow Saw
15:42 Gold Mining
20:35 Loom
23:49 Stone Mining
27:05 Heavy Plow
27:50 Gold Shaft Mining
27:59 Wheelbarrow
27:09 Town Watch
31:36 Imperial Age
29:27 Scale Mail Armor
30:14 Forging
30:17 Treadmill Crane
31:00 Fletching
31:27 Chain Mail Armor
31:47 Iron Casting
30:35 Pikeman
31:25 Squires
31:38 Bodkin Arrow
31:52 Guard Tower
33:33 Hand Cart
34:03 Conscription
34:08 Conscription
34:08 Masonry
34:32 Bracer
36:34 Two-Man Saw
36:12 Yasama
36:53 Plate Mail Armor
37:08 Ballistics
38:13 Chemistry
38:42 Keep
38:43 Halberdier
41:30 Kataparuto
43:13 Blast Furnace
Hennessy
0:26 Loom
11:22 Feudal Age
12:10 Champi Runner
16:47 Arson
26:29 Castle Age
25:27 Double-Bit Axe
25:22 Horse Collar
31:09 Wheelbarrow
30:26 Fletching
30:32 Fletching
31:16 Bow Saw
31:42 Forging
33:01 Town Watch
34:24 Heavy Plow
35:18 Bodkin Arrow
37:47 Hand Cart
37:54 Gold Mining
41:56 Imperial Age
39:39 Padded Archer Armor
39:15 Elite Skirmisher
40:36 Leather Archer Armor
40:36 Champi Warrior
41:17 Squires
41:56 Iron Casting
42:41 Bracer
43:31 Ballistics
44:11 Chemistry
43:22 Town Patrol
44:33 Conscription
45:41 Chemistry
45:49 Ring Archer Armor
44:58 Pikeman
46:08 Scale Mail Armor
45:55 Crossbowman
47:33 Chain Mail Armor
48:57 Blast Furnace
93老玩家回归
1:24 Loom
11:37 Feudal Age
12:11 Double-Bit Axe
20:57 Castle Age
20:13 Fletching
35:50 Wheelbarrow
36:00 Town Watch
36:42 Bodkin Arrow
39:07 Gold Mining
43:24 Imperial Age
42:20 Masonry
43:03 Hand Cart
43:29 Heavy Scorpion
45:02 Padded Archer Armor
44:49 Capped Ram
唐火火
8:18 Loom
11:08 Feudal Age
15:34 Castle Age
13:28 Horse Collar
13:48 Double-Bit Axe
14:55 Gold Mining
18:21 Bloodlines
18:11 Husbandry
18:38 Husbandry
21:22 Bow Saw
23:49 Wheelbarrow
24:08 Heavy Plow
26:08 Gold Shaft Mining
26:03 Scale Barding Armor
26:13 Forging
27:19 Chain Barding Armor
28:02 Hand Cart
28:30 Iron Casting
29:23 Stone Mining
32:22 Imperial Age
32:31 Cavalier
33:50 Plate Barding Armor
34:25 Blast Furnace
38:28 Two-Man Saw
38:00 Crop Rotation
37:17 Town Watch
38:25 Conscription
Fireworks
8:52 Feudal Age
9:12 Loom
11:46 Fletching
18:02 Wheelbarrow
17:14 Double-Bit Axe
21:26 Castle Age
20:17 Stone Mining
21:41 Horse Collar
31:26 Imperial Age
30:06 Scale Mail Armor
31:29 Chain Mail Armor
32:07 First Crusade
31:51 Squires
33:03 Plate Mail Armor
35:04 Pikeman
35:29 Arson
35:57 Forging
38:57 Iron Casting
38:12 Halberdier
06老玩家回归
10:35 Feudal Age
11:07 Double-Bit Axe
14:25 Castle Age
13:40 Horse Collar
16:14 Scale Barding Armor
21:37 Loom
22:55 Wheelbarrow
23:28 Fletching
27:46 Hand Cart
31:41 Stone Mining
31:42 Gold Mining
35:16 Imperial Age
33:52 Husbandry
34:24 Padded Archer Armor
34:20 Bodkin Arrow
35:39 Bloodlines
36:29 Conscription
37:18 Chemistry
36:54 Leather Archer Armor
36:15 Elite Skirmisher
37:54 Thumb Ring
37:23 Elite Conquistador
39:43 Bracer
40:13 Ring Archer Armor
39:50 Murder Holes
42:05 Hoardings
Connection lost

Rejoining the realm…

Still unreachable

The connection could not be restored.

Session expired

The server has moved on; the page needs a fresh start.